 Dungeon Crawl Stone Soup version bcrawl-1.38.1 (webtiles) character file.

Game seed: 15727541706119206247

442076 MisterOstroum the Fighter (level 14, 0/151 HPs)
             Began as a Fairy Fighter on Apr 10, 2023.
             Was an Elder of Trog.
             Killed from afar by a wretched star (18 damage)
             ... with an orb of energy
             ... on level 1 of the Abyss on Apr 12, 2023.
             The game lasted 01:29:52 (20501 turns).

MisterOstroum the Fighter (Fairy Fighter)          Turns: 20501, Time: 01:29:52

Health: 0/151      AC: 16    Str: 12    XL:     14   Next: 80%
Magic:  23/23      EV: 24    Int: 12    God:    Trog [****..]
Gold:   176        SH: 11    Dex: 16    Spells: 13/13 levels left

rFire    + . .     GDR:     28% A - +1 scimitar "Dragonbane" {holy, +Fly rElec rF+ Str-4}
rCold    + . .     SeeInvis .   (shield restricted)
rNeg     . . .     Gourm    .   (armour unavailable)
rPois    +         Faith    .   I - +2 helmet
rElec    +         Spirit   .   O - +0 cloak
rCorr    .         Reflect  .   R - +2 pair of gloves
MR       ++++.                  Z - +1 pair of boots
Stlth    ..........             C - amulet of rage
HPRegen  2.05/turn              o - ring of protection from cold
MPRegen  0.18/turn              t - ring of poison resistance

@: berserking, flying evasively, very slightly contaminated, regenerating,
slowed, invisible
A: small, magic attunement, unstealthy, unfitting armour, [weak 2], [no potion
heal 1], able to fly, AC/SH +7
a: Stop Flying, Berserk, Trog's Hand, Brothers in Arms, Renounce Religion, Evoke
Berserk Rage


You were on level 1 of the Abyss.
You worshipped Trog.
Trog was greatly pleased with you.
You were near starving.

You visited 2 branches of the dungeon, and saw 16 of its levels.
You visited the Abyss 1 time.
You visited 1 bazaar.
You also visited: Ossuary.

You collected 1116 gold pieces.
You spent 940 gold pieces at shops.

Inventory:

Hand Weapons
 a - a +4 long sword of slicing
 b - the +2 hand crossbow of Corporal Punishment {freeze, rElec rPois Dex+7}
   (You bought it in a shop in a bazaar)

   It causes projectiles fired from it to freeze those they strike, increasing
   damage dealt by approximately one third against foes not resistant or
   susceptible to cold, and potentially slowing cold-blooded foes.
   It affects your dexterity (+7).
   It insulates you from electricity.
   It protects you from poison.
 c - a +0 rapier
 d - a +1 dagger of venom
 u - a +3 hand crossbow of venom
 A - the +1 scimitar "Dragonbane" (weapon) {holy, +Fly rElec rF+ Str-4}
   (You bought it in a shop in a bazaar)

   It has been blessed by the Shining One to cause great damage to the undead
   and demons.
   It affects your strength (-4).
   It protects you from fire.
   It insulates you from electricity.
   It lets you fly.
Missiles
 h - 2169 stones (quivered)
 n - 1182 arrows
 v - 254 bolts
 y - 238 poisoned needles
 F - 119 tomahawks of dispersal {=f}
 H - 5 throwing nets {=f!f}
 L - 274 poisoned tomahawks
Armour
 f - a +0 medium shield
 I - a +2 helmet (worn)
 O - a +0 cloak (worn)
 R - a +2 pair of gloves (worn)
 Z - a +1 pair of boots (worn)
Jewellery
 o - a ring of protection from cold (left hand)
 t - a ring of poison resistance (right hand)
 C - an amulet of rage (around neck)
Wands
 D - a wand of clouds (3)
 M - a wand of paralysis (12)
 N - a wand of acid (1)
 P - a wand of flame (13)
 U - a wand of charming (12)
Scrolls
 g - 3 scrolls of immolation
 i - a scroll of fog {!r}
 j - a scroll of remove curse {@r2}
 m - a scroll of enchant weapon
 p - 2 scrolls of noise {unknown}
 r - 3 scrolls of vulnerability
 B - 4 scrolls of teleportation {@r3 !r}
 Q - a scroll of torment
Potions
 q - 3 potions of curing
 s - 2 potions of magic
 w - 2 potions of invisibility
 x - 2 potions of mutation
 z - 2 potions of flight
 E - 3 potions of agility
 G - 2 potions of brilliance
 K - a potion of berserk rage
 S - a potion of resistance
 T - 3 potions of lignification {@q6}
 X - a potion of might {@q3 !q}
Comestibles
 e - 12 rations {!d}
 k - 3 chunks of flesh


   Skills:
 - Level 11.0 Fighting
 - Level 10.8(12.7) Short Blades
 + Level 9.6(11.1) Long Blades
 - Level 9.6 Crossbows
 - Level 10.2 Dodging
 + Level 6.1 Shields
 - Level 9.5 Evocations


You had 13 spell levels left.
You didn't know any spells.
Your spell library contained the following spells:

 Spells                   Type           Power        Failure   Level  Hunger
 Sting                    Conj/Pois      #...         32%         1    None
 Sticks to Snakes         Tmut           #.......     45%         2    None
 Infestation              Hex/Tmut/Pois  #........    100%        6    None
 Poison Arrow             Conj/Pois      #.........   100%        6    None


Dungeon Overview and Level Annotations

Branches:
Dungeon (11/12)            Temple (0/1) D:7            Lair (5/6) D:8
 Shoals (0/3) Lair:4       Spider (0/3) Lair:2        Slime (0/5) Lair:5
    Orc (0/1) D:11
 Vaults: D:11-12

Altars:
Gozag
Trog
Uskayaw
Xom
Jiyva

Shops:
D:5 [   D:7 }

Annotations:
D:4 3 runed translucent doors, tronn's ghost, weakling HEWz
D:11 Erolcha
Lair:1 exclusion: oklob plant
Lair:4 3 runed translucent doors, exclusion: 3 doors, Murgh's ghost, journeyman MiBe


Innate Abilities, Weirdness & Mutations

Your spells do not cause hunger and MP costs are reduced by 1.
Your bright wings attract enemies. (Stealth-)
You cannot fit into any form of body armour.
Your shimmering scales are hard and can block incoming attacks. (AC +7, SH +7)
You are small and have problems with some larger weapons.
You can fly continuously.
[You are very weak. (Str -4)]
[Potions are less effective at restoring your health.]


Message History

You see here a demonic crawler corpse.
You barely miss the thrashing horror.
The thrashing horror is moderately damaged.
The thrashing horror closely misses you.
The thrashing horror misses you. The smoke demon gestures at you.
The ball of steam misses you.
You slice the thrashing horror!!
The thrashing horror is severely damaged.
The thrashing horror barely misses you. The thrashing horror tramples you.
You are shoved backwards!
The raiju bites you but does no damage.
You slash the thrashing horror!
You destroy the thrashing horror!
Trog accepts your kill.
You feel the corruption within you wane somewhat.
You feel agile.
Your life force feels restored.
Your Shields skill increases to level 6!
Eat one of 3 chunks of flesh? (ye/n/q)
Okay, then.
Okay, then.
Unknown command.
You slash the raiju!
The raiju is lightly wounded.
The raiju bursts into living lightning!
The living lightning misses you.
The raiju blinks!
Unknown command.
You are no longer berserk.
You are exhausted.
You feel yourself slow down. The smoke demon gestures at you.
Something smites you!
* * * LOW HITPOINT WARNING * * *
Your system partially rejects the healing.
You feel much better. The smoke demon gestures at you. Something smites you!
* * * LOW HITPOINT WARNING * * *
The raiju bursts into living lightning!
You resist. The living lightning hits you.
* * * LOW HITPOINT WARNING * * *
You resist. The living lightning hits you.
* * * LOW HITPOINT WARNING * * *
The raiju blinks! x3
Your skin crawls, and Trog's vigour flows through you.
You feel somewhat more hungry.
You are feeling very hungry.
The raiju bites you.
* * * LOW HITPOINT WARNING * * *
The raiju shocks you. You resist.
* * * LOW HITPOINT WARNING * * *
You block the raiju's attack.
Your system partially rejects the healing.
You feel much better. The smoke demon gestures at you. Something smites you!
* * * LOW HITPOINT WARNING * * *
The raiju misses you.
You fail to use your ability.
You block the raiju's attack.
The large abomination completely misses you.
The smoke demon gestures at you. Something smites you!
* * * LOW HITPOINT WARNING * * *
A wretched star comes into view.
The raiju misses you.
Okay, then.
Okay, then.
Unknown command.
You fade into invisibility!
The smoke demon hits you.
* * * LOW HITPOINT WARNING * * *
The smoke demon misses you. x2
The raiju bursts into living lightning!
You resist. The living lightning hits you.
* * * LOW HITPOINT WARNING * * *
The living lightning misses you.
The raiju blinks!
The large abomination closely misses you.
You are very lightly contaminated with residual magic.
Okay, then.
Unknown command.
Eat one of 3 chunks of flesh? (ye/n/q)
Okay, then.
Okay, then.
Unknown command.
Okay, then.
Unknown command.
Okay, then.
Unknown command.
A small abomination comes into view.
The wretched star pulses with an eldritch light!
You feel weaker. x2
The smoke demon gestures at the large abomination.
Unknown command.
A red film seems to cover your vision as you go berserk!
You feel yourself moving faster!
You feel mighty!
You are near starving!
The wretched star glows turbulently.
The orb of energy hits you!!
You die...

.. ........ ..
..... ....... ...
#.... .....#.....
##..*###...###...#
#.....#.....#.....
..................
.....3............
........@h........
.....#X.†..#.....
#.. ##...## ..# .
#....÷## . .
.........
...............
..X ...........
....#.....#.... .
...# #...###...


You could see a wretched star, a large abomination, a smoke demon and a raiju.

Vanquished Creatures
  Urug (Lair:2)
  A rakshasa (Abyss:1)
  Harold (D:8)
  7 vault guards (D:11)
  Psyche (D:8)
  3 hydras
  2 catoblepae
  A two-headed ogre (D:9)
  4 death yaks (Lair:5)
  Sonja (Lair:2)
  A thrashing horror (Abyss:1)
  A titan skeleton (Abyss:1)
  A centaur warrior (D:11)
  2 fire crabs (Abyss:1)
  A swamp dragon (Abyss:1)
  An unseen horror (D:11)
  Pikel (D:7)
  A wolf spider (Lair:1)
  A cyclops (D:11)
  2 ugly things
  A manticore (D:10)
  12 elephants (Lair:5)
  4 black mambas
  A water nymph (Lair:4)
  A gargoyle (D:10)
  A smoke demon (Abyss:1)
  5 cane toads
  A demonic crawler (Abyss:1)
  A kobold demonologist (D:10)
  An eye of draining (D:9)
  A rime drake (Lair:5)
  7 komodo dragons
  Maurice (D:8)
  2 trolls
  A hornet (Lair:2)
  5 slime creatures
  A raiju (Abyss:1)
  3 harpy skeletons
  Prince Ribbit (D:7)
  6 hippogriffs
  10 blink frogs
  2 dream sheep (D:11)
  2 water elementals (Lair:4)
  2 meliai zombies (D:10)
  A ynoxinul (Abyss:1)
  A basilisk (Lair:1)
  32 yaks
  A hungry ghost (D:10)
  3 wyverns
  A steam dragon (D:7)
  14 crocodiles
  9 water moccasins
  5 orc warriors
  7 porcupines
  6 ice beasts
  A sky beast (D:6)
  2 black bears
  2 necrophages (D:10)
  9 ogres
  2 hornet zombies (D:10)
  A phantom (D:6)
  16 wolves
  6 kobold brigands
  15 bullfrogs
  A gnoll sergeant (D:9)
  2 centaurs
  2 scorpions
  3 killer bees (D:7)
  2 wights
  9 orc priests
  4 howler monkeys
  6 electric eels
  4 crimson imps
  A bullfrog zombie (D:9)
  5 hounds
  3 jellies
  A bullfrog skeleton (D:6)
  14 orc wizards
  2 iguanas
  7 hell rats (Lair:5)
  8 worker ants
  A killer bee zombie (D:6)
  A hound skeleton (D:4)
  2 mummies
  2 howler monkey zombies
  3 worker ant zombies
  28 adders
  4 gnolls (D:9)
  2 shadow imps
  4 oozes
  An adder skeleton (D:5)
  4 worms
  2 dart slugs
  A leopard gecko (D:1)
  43 orcs
  3 spectral bats (Ossuary)
  4 giant cockroaches
  6 gnoll zombies (Ossuary)
  5 goblins
  4 hobgoblins
  5 jackals
  2 quokkas
  A ball python (D:1)
  3 bats
  2 bat simulacra (Ossuary)
  2 frilled lizards
  3 goblin simulacra (Ossuary)
  4 goblin zombies (Ossuary)
  4 hobgoblin zombies (Ossuary)
  A jackal skeleton (D:4)
  23 kobolds
  8 kobold simulacra (Ossuary)
  11 kobold zombies (Ossuary)
  5 orc zombies (Ossuary)
  10 rats
  A rat simulacrum (Ossuary)
  3 spectral goblins (Ossuary)
  3 spectral kobolds (Ossuary)
  A spectral rat (Ossuary)
  2 fungi (Lair:4)
528 creatures vanquished.

Vanquished Creatures (others)
  A wretched star (Abyss:1)
  3 slaves (D:8)
  A hound (D:6)
  An iguana (D:6)
  A bush (Lair:5)
  12 fungi
  40 plants
59 creatures vanquished.

Grand Total: 587 creatures vanquished

Notes
Turn   | Place    | Note
-------+----------+-------------------------------------------
     0 | D:1      | MisterOstroum the Fairy Fighter began the quest for the
                  | Orb.
     0 | D:1      | Reached XP level 1. HP: 15/15 MP: 3/3
   201 | D:1      | Reached XP level 2. HP: 20/20 MP: 4/4
   499 | D:1      | Reached skill level 1 in Short Blades
   572 | D:1      | Reached XP level 3. HP: 21/25 MP: 5/5
  1372 | D:2      | Reached skill level 3 in Fighting
  1815 | D:3      | Reached XP level 4. HP: 31/31 MP: 6/6
  2004 | D:3      | Noticed an ogre
  2166 | D:3      | Killed an ogre
  2167 | D:3      | Reached XP level 5. HP: 11/36 MP: 7/7
  2462 | D:3      | Noticed a hippogriff
  3058 | D:4      | Noticed an ogre
  3130 | D:4      | Reached XP level 6. HP: 33/42 MP: 8/8
  3165 | D:4      | Found a sand-covered staircase.
  3190 | Ossuary  | Entered an ossuary
  3568 | Ossuary  | Reached skill level 5 in Dodging
  4094 | D:4      | Reached XP level 7. HP: 33/47 MP: 9/9
  4332 | D:4      | Reached skill level 4 in Fighting
  4387 | D:4      | Reached skill level 5 in Short Blades
  4673 | D:4      | Found a runed translucent gate.
  4674 | D:4      | Found a runed translucent gate.
  4675 | D:4      | Found a runed translucent gate.
  4677 | D:4      | Noticed tronn's ghost (weakling HEWz)
  5070 | D:5      | Entered Level 5 of the Dungeon
  5079 | D:5      | Found a bloodstained altar of Trog.
  5115 | D:5      | Became a worshipper of Trog the Wrathful
  5127 | D:5      | Reached XP level 8. HP: 54/54 MP: 10/10
  5661 | D:5      | Found Anoar's Antique Armour Shoppe.
  5872 | D:5      | Reached skill level 5 in Long Blades
  5989 | D:6      | Found an opulent altar of Gozag.
  6085 | D:6      | Found a shimmering altar of Xom.
  6166 | D:6      | Reached * piety under Trog
  6336 | D:6      | Reached skill level 5 in Fighting
  6336 | D:6      | Reached XP level 9. HP: 42/61 MP: 11/11
  6694 | D:6      | Reached skill level 6 in Fighting
  7165 | D:7      | Noticed Prince Ribbit
  7463 | D:7      | Found a staircase to the Ecumenical Temple.
  7528 | D:7      | Found Siticw Muth's Gadget Shoppe.
  7563 | D:7      | Bought a wand of paralysis (4) for 75 gold pieces
  7695 | D:7      | Reached skill level 1 in Evocations
  7845 | D:7      | Reached ** piety under Trog
  8164 | D:7      | Killed Prince Ribbit
  8165 | D:7      | Reached XP level 10. HP: 68/68 MP: 12/14
  8472 | D:7      | Identified the cursed +2 battleaxe "Demonslayer" {speed,
                  | rElec Int+2 Dex+3}
  8735 | D:8      | Noticed Psyche
  8751 | D:8      | Killed Psyche
  8903 | D:8      | Found a hide-covered altar of Uskayaw.
  8998 | D:8      | Noticed Pikel
  9029 | D:7      | Killed Pikel
  9030 | D:7      | Reached skill level 5 in Evocations
  9146 | D:8      | Noticed Maurice
  9151 | D:8      | Killed Maurice
  9202 | D:8      | Noticed Harold
  9248 | D:7      | Reached skill level 7 in Fighting
  9459 | D:8      | Found a staircase to the Lair.
  9615 | Lair:1   | Entered Level 1 of the Lair of Beasts
  9724 | Lair:1   | Reached *** piety under Trog
  9747 | Lair:1   | Reached XP level 11. HP: 66/75 MP: 16/16
 10017 | Lair:1   | Noticed a wolf spider
 10061 | Lair:1   | Killed a wolf spider
 10062 | Lair:1   | Reached skill level 10 in Dodging
 10132 | Lair:1   | Noticed a four-headed hydra
 10148 | Lair:1   | Killed a four-headed hydra
 10149 | Lair:1   | Reached skill level 8 in Fighting
 10537 | Lair:1   | Noticed a catoblepas
 10585 | Lair:2   | Noticed Urug
 10587 | Lair:2   | Found a hole to the Spider Nest.
 10643 | Lair:1   | Reached skill level 9 in Fighting
 10807 | Lair:1   | Killed a catoblepas
 11138 | Lair:1   | Noticed an oklob plant
 12023 | Lair:2   | Reached **** piety under Trog
 12122 | Lair:2   | Reached skill level 10 in Fighting
 12166 | Lair:2   | Reached XP level 12. HP: 71/87 MP: 17/17
 12178 | Lair:2   | Reached skill level 10 in Short Blades
 12579 | Lair:2   | Noticed Sonja
 12606 | Lair:2   | Killed Sonja
 12860 | Lair:1   | Reached skill level 1 in Crossbows
 13131 | Lair:2   | Killed Urug
 13225 | Lair:3   | Identified Oxezeu's Incunabulum of Venomous Transmutation
 14345 | Lair:4   | Reached skill level 5 in Crossbows
 14382 | Lair:4   | Found a runed translucent gate.
 14383 | Lair:4   | Found a runed translucent gate.
 14383 | Lair:4   | Found a runed translucent gate.
 14385 | Lair:4   | Noticed Murgh's ghost (journeyman MiBe)
 14442 | Lair:4   | Reached ***** piety under Trog
 14807 | Lair:4   | Received a gift from Trog
 15160 | Lair:4   | Found a viscous altar of Jiyva.
 15278 | Lair:5   | Reached XP level 13. HP: 92/92 MP: 19/19
 15973 | Lair:5   | Found a viscous altar of Jiyva.
 15974 | Lair:5   | Found a staircase to the Slime Pits.
 15975 | Lair:5   | Found a viscous altar of Jiyva.
 16691 | D:8      | Killed Harold
 17515 | D:9      | Received a gift from Trog
 18018 | D:10     | Entered Level 10 of the Dungeon
 18123 | D:10     | Reached XP level 14. HP: 99/99 MP: 22/22
 19213 | D:11     | Received a gift from Trog
 19383 | D:11     | Found a flickering gateway to a bazaar.
 19392 | Bazaar   | Entered a bazaar
 19473 | Bazaar   | Found Yhoixat's Book Emporium.
 19489 | Bazaar   | Found Veyred's General Store.
 19494 | Bazaar   | Bought a scroll of immolation for 45 gold pieces
 19505 | Bazaar   | Found Viucy's Magic Scroll Emporium.
 19510 | Bazaar   | Bought a scroll of fog for 14 gold pieces
 19510 | Bazaar   | Bought a scroll of enchant armour for 52 gold pieces
 19510 | Bazaar   | Bought a scroll of enchant armour for 52 gold pieces
 19510 | Bazaar   | Bought a scroll of enchant weapon for 52 gold pieces
 19521 | Bazaar   | Found Faghes's Assorted Antiques.
 19526 | Bazaar   | Bought a scroll labeled CAATUIR YSTUF for 19 gold pieces
 19526 | Bazaar   | Bought a scroll labeled POS IHOAGYKO for 19 gold pieces
 19526 | Bazaar   | Bought an encrusted hand crossbow for 161 gold pieces
 19526 | Bazaar   | Bought a polished scimitar for 171 gold pieces
 19526 | Bazaar   | Bought a twisted brass wand for 76 gold pieces
 19561 | Bazaar   | Bought a scroll of immolation for 24 gold pieces
 19561 | Bazaar   | Bought a scroll of immolation for 24 gold pieces
 19561 | Bazaar   | Bought a scroll of vulnerability for 52 gold pieces
 19561 | Bazaar   | Bought a scroll of vulnerability for 52 gold pieces
 19561 | Bazaar   | Bought a scroll of torment for 52 gold pieces
 19561 | Bazaar   | Identified the +2 hand crossbow of Corporal Punishment
                  | {freeze, rElec rPois Dex+7} (You bought it in a shop in a
                  | bazaar)
 19562 | Bazaar   | Identified the +1 scimitar "Dragonbane" {holy, +Fly rElec
                  | rF+ Str-4} (You bought it in a shop in a bazaar)
 19828 | D:11     | Noticed Erolcha
 20143 | D:11     | Cast into level 1 of the Abyss (Erolcha)
 20149 | Abyss:1  | Found a corrupted altar of Lugonu.
 20224 | Abyss:1  | Reached skill level 5 in Shields
 20369 | Abyss:1  | Reached skill level 11 in Fighting
 20501 | Abyss:1  | Killed from afar by a wretched star

Skill      XL: |  1  2  3  4  5  6  7  8  9 10 11 12 13 14 |
---------------+-------------------------------------------+-----
Long Blades    | 2 3 4 5 7 8 9 |  9.6
Short Blades   | 1 3 4 5 6 7 8 9 10 | 10.8
Fighting       | 3 4 5 6 7 10 11 | 11.0
Dodging        | 5 6 7 9 10 | 10.2
Evocations     | 3 5 6 9 |  9.5
Crossbows      | 6 9 |  9.6
Shields        | 6 |  6.1

Action                   |  1- 3 |  4- 6 |  7- 9 | 10-12 | 13-15 || total
-------------------------+-------+-------+-------+-------+-------++-------
Melee: Dagger            |   129 |   481 |   193 |       |       ||   803
       Long sword        |    11 |       |    99 |   259 |   594 ||   963
       Rapier            |       |       |   295 |   522 |    14 ||   831
       Scimitar          |       |       |       |       |    71 ||    71
 Fire: Hand crossbow     |       |       |       |   120 |   242 ||   362
Throw: Stone             |     1 |    23 |   158 |   125 |     4 ||   311
       Tomahawk          |       |       |    17 |    64 |       ||    81
Invok: Berserk           |       |       |     4 |    13 |    15 ||    32
       Trog's Hand       |       |       |       |       |     8 ||     8
 Abil: Evoke Berserk Rag |       |       |     1 |       |       ||     1
Evoke: Wand              |       |       |       |    19 |     7 ||    26
  Use: Potion            |       |     1 |     1 |     1 |     4 ||     7
       Scroll            |       |     2 |     4 |    11 |    12 ||    29
 Stab: Paralysed         |       |       |       |     3 |     2 ||     5
       Petrified         |       |       |       |       |     3 ||     3
       Petrifying        |       |       |       |       |     1 ||     1
  Eat: Chunk             |     5 |     4 |    19 |    47 |    36 ||   111
       Ration            |       |     2 |     4 |     3 |     4 ||    13
Armor: Skin              |    10 |    37 |    54 |    61 |    85 ||   247
Dodge: Dodged            |    60 |   177 |   309 |   473 |   552 ||  1571
Block: Medium shield     |     6 |       |       |       |    29 ||    35
       Other             |     9 |    40 |   113 |   207 |   307 ||   676
